 Dungeon Crawl Stone Soup version 0.31-a0-692-gf03d1854d5 (webtiles) character file.

Game seed: 15621845920426281260

1541 qw the Skirmisher (level 8, -6/51 HPs)
             Began as a Gargoyle Hunter on Sept 6, 2023.
             Was an Initiate of Okawaru.
             Mangled by a wight
             ... wielding a +4 mace
              (12 damage)
             ... on level 7 of the Dungeon.
             The game lasted 00:02:14 (5260 turns).

qw the Skirmisher (Gargoyle Hunter)                 Turns: 5260, Time: 00:02:14

Health: -6/51      AC: 15    Str: 19 (22) XL:     8   Next: 86%
Magic:  8/8        EV: 11    Int:  9      God:    Okawaru [......]
Gold:   194        SH:  0    Dex: 12 (15) Spells: 7/7 levels left

rFire   . . .        Y - +1 shortbow
rCold   + . .        (shield currently unavailable)
rNeg    + . .        i - +0 ring mail
rPois   inf          (no helmet)
rElec   +            n - +0 cloak
rCorr   .            g - +2 pair of gloves
SInv    .            (no boots)
Will    .....        (no amulet)
Stlth   +            h - +6 ring of strength
HPRegen 0.28/turn    m - ring of protection from cold
MPRegen 0.11/turn

%: no passive effects
@: no status effects
A: sickness immunity, AC +5, negative energy resistance 1, electricity
resistance, torment resistance 1, petrification resistance
a: Renounce Religion


You were on level 7 of the Dungeon.
You worshipped Okawaru.
Okawaru was noncommittal.
You visited 2 branches of the dungeon, and saw 8 of its levels.

You collected 194 gold pieces.


Innate Abilities, Weirdness & Mutations

You are immune to sickness and miasma.
Your stone body is resilient. (AC +5)
You are immune to poison.
You resist negative energy. (rN+)
You are resistant to electric shocks. (rElec)
You are resistant to unholy torment.
You are immune to petrification.


   Skills:
 - Level 6.0 Fighting
 + Level 9.9 Ranged Weapons
 - Level 2.6 Armour
 - Level 2.0 Dodging
 - Level 1.1 Stealth


You had 7 spell levels left.
You didn't know any spells.
Your spell library was empty.

Inventory:

Hand Weapons
 Y - a +1 shortbow (weapon)
Armour
 g - a +2 pair of gloves (worn)
 i - a +0 ring mail (worn)
 n - a +0 cloak (worn)
Jewellery
 c - a ring of ice
 h - a +6 ring of strength (left hand)
 j - a ring of resist corrosion
 m - a ring of protection from cold (right hand)
Scrolls
 a - a scroll of identify
Potions
 b - a potion of curing
 e - a potion of might
 k - a potion of cancellation
 l - a potion of mutation {unknown}
 q - a potion of enlightenment

Dungeon Overview and Level Annotations

Branches:
Dungeon (7/15)             Temple (1/1) D:6

Altars:
Ashenzari
Cheibriados
Dithmenos
Elyvilon
Gozag
Hepliaklqana
Makhleb
Okawaru
Qazlal
Ru
Sif Muna
Trog
Yredelemnul
Zin

Shops:
D:5 (

Annotations:
D:4 1 transporter, qw's ghost, amateur GrHu


Message History

You shoot an arrow. The arrow hits the wight.
The wight is heavily damaged.
The wight hits you with a +4 mace. The wight barely misses you.
The wight hits you with a +3 great sword.
You shoot an arrow. The arrow hits the wight.
The wight is severely damaged.
The wight hits you with a +4 mace. The wight barely misses you.
The wight misses you.
5253 ||| DRINKING potion of heal wounds.
You feel much better.
The wight hits you but does no damage. x2
The wight hits you with a +3 great sword.
You shoot an arrow. The arrow closely misses the wight.
The arrow hits the wight.
The wight is lightly damaged.
The wight hits you with a +4 mace. The wight barely misses you.
The wight hits you with a +3 great sword.
You shoot an arrow. The arrow closely misses the wight.
The arrow hits the wight.
The wight is lightly damaged.
The wight barely misses you. x2; The wight hits you but does no damage.
You shoot an arrow.
The arrow hits the wight but does no damage.
The wight is severely damaged.
The wight hits you with a +4 mace! The wight barely misses you. x3
You shoot an arrow.
The arrow hits the wight but does no damage.
The wight is severely damaged.
The wight barely misses you. x2; The wight hits you but does no damage.
You shoot an arrow. The arrow hits the wight.
The wight is severely damaged.
The wight barely misses you. The wight hits you but does no damage.
You shoot an arrow. The arrow barely misses the wight.
The arrow hits the wight.
The wight is heavily damaged.
The wight hits you with a +4 mace! The wight hits you but does no damage.
The wight hits you with a +3 great sword.
You shoot an arrow. The arrow barely misses the wight.
The arrow hits the wight.
The wight is heavily damaged.
The wight hits you with a +4 mace!
You die...

.#
#####.###
#........
#........
#........
#........
#z.......
#zz......
#@zz.....
#####.#.#
#


You could see 5 wights.

Vanquished Creatures
  Menkaure (D:4)
  Edmund (D:5)
  A water moccasin (D:5)
  An ice beast (D:5)
  2 ogres
  Blork the orc (D:4)
  2 scorpions
  2 bullfrogs (D:6)
  2 hounds
  2 jellies
  An orc priest (D:6)
  3 iguanas (D:4)
  2 orc wizards
  15 adders
  7 gnolls (D:4)
  2 ufetubi
  3 worms
  5 dart slugs
  10 orcs
  11 ball pythons
  11 bats
  13 endoplasms
  3 giant cockroaches
  8 goblins
  6 hobgoblins
  5 jackals
  6 kobolds
  4 quokkas
  4 frilled lizards
  4 rats
138 creatures vanquished.

Notes
Turn   | Place    | Note
-------+----------+-------------------------------------------
     0 | D:1      | qw the Gargoyle Hunter began the quest for the Orb.
     0 | D:1      | Reached XP level 1. HP: 12/12 MP: 1/1
     0 | D:1      | 0 ||| qw: Version: 0.3-a-76-g4403597
     0 | D:1      | 0 ||| qw: Game counter: 267
     0 | D:1      | 0 ||| qw: Melee chars always use a shield: true
     0 | D:1      | 0 ||| qw: God list: Okawaru
     0 | D:1      | 0 ||| qw: Allow faded altars: false
     0 | D:1      | 0 ||| qw: Do Orc after clearing Dungeon:15 true
     0 | D:1      | 0 ||| qw: Do second Lair branch before Depths: true
     0 | D:1      | 0 ||| qw: Lair rune preference: random
     0 | D:1      | 0 ||| qw: Goals: Normal
     0 | D:1      | 0 ||| PLANNING D:1-11
    98 | D:1      | Found a faded altar of an unknown god.
   138 | D:1      | Reached XP level 2. HP: 17/17 MP: 2/2
   720 | D:1      | Reached XP level 3. HP: 21/21 MP: 3/3
   748 | D:1      | 748 ||| UPGRADING to +1 pair of gloves.
   753 | D:1      | 753 ||| UPGRADING to +0 ring mail.
   763 | D:1      | 763 ||| DROPPING +0 leather armour.
   764 | D:1      | 764 ||| UPGRADING to +6 ring of strength.
   765 | D:1      | 765 ||| DRINKING 2 fizzy cyan potions.
   766 | D:1      | 766 ||| DROPPING scroll of butterflies.
   890 | D:2      | 890 ||| Stepping ~*~*~tactically~*~*~ (outnumbered).
   900 | D:2      | Reached skill level 1 in Armour
   907 | D:2      | Reached skill level 5 in Ranged Weapons
  1007 | D:2      | Reached XP level 4. HP: 27/27 MP: 4/4
  1123 | D:2      | Reached skill level 3 in Fighting
  1263 | D:2      | Reached XP level 5. HP: 32/32 MP: 5/5
  1548 | D:2      | 1548 ||| DROPPING +6 ring of intelligence.
  1549 | D:2      | 1549 ||| READING scroll labelled NILEYR TUIDI.
  1550 | D:2      | 1550 ||| READING scroll labelled OCKURIDIFU.
  1551 | D:2      | 1551 ||| READING scroll labelled UCEZUT GUAMOL.
  1552 | D:2      | 1552 ||| READING scroll labelled XUXEOJ ZUTET.
  1553 | D:2      | 1553 ||| READING scroll labelled AWIECS KECIOC.
  1557 | D:2      | 1557 ||| READING scroll labelled EDUAMIVOZAK.
  1558 | D:2      | 1558 ||| DRINKING 2 smoky orange potions.
  1606 | D:2      | 1606 ||| DRINKING 2 white potions.
  1607 | D:2      | 1607 ||| DROPPING potion of lignification.
  1655 | D:3      | Reached skill level 6 in Ranged Weapons
  1762 | D:3      | Found a broken altar of Ashenzari.
  1823 | D:3      | 1823 ||| READING scroll of enchant armour.
  1823 | D:3      | 1823 ||| ENCHANTING +1 pair of gloves.
  2408 | D:3      | 2408 ||| READING 3 scrolls labelled TYKINOIHAA.
  2409 | D:3      | 2409 ||| DRINKING 2 viscous red potions.
  2410 | D:3      | 2410 ||| DROPPING 2 scrolls of immolation.
  2444 | D:4      | Found a transporter.
  2446 | D:4      | Noticed qw's ghost (amateur GrHu)
  2547 | D:4      | Noticed Blork the orc
  2554 | D:4      | Killed Blork the orc
  2555 | D:4      | Reached XP level 6. HP: 16/39 MP: 6/6
  2674 | D:4      | Found a basalt altar of Yredelemnul.
  2770 | D:4      | 2770 ||| FLEEEEING.
  2771 | D:4      | 2771 ||| FLEEEEING.
  2835 | D:4      | 2835 ||| Stepping ~*~*~tactically~*~*~ (retreating).
  2836 | D:4      | 2836 ||| Stepping ~*~*~tactically~*~*~ (retreating).
  2838 | D:4      | 2838 ||| RETREATING.
  2880 | D:4      | 2880 ||| FLEEEEING.
  2899 | D:4      | Noticed Menkaure
  2906 | D:4      | Killed Menkaure
  2907 | D:4      | Reached skill level 7 in Ranged Weapons
  2907 | D:4      | Reached XP level 7. HP: 44/44 MP: 7/7
  3235 | D:4      | Reached skill level 8 in Ranged Weapons
  3318 | D:4      | 3318 ||| UPGRADING to ring of protection from cold.
  3319 | D:4      | 3319 ||| READING scroll labelled MUIMEST NUECAA.
  3320 | D:4      | 3320 ||| DRINKING 2 glowing brown potions.
  3344 | D:5      | Entered Level 5 of the Dungeon
  3504 | D:5      | Found a snail-covered altar of Cheibriados.
  3575 | D:5      | Found Lamnye Zadun's Antique Weapon Shop.
  3580 | D:5      | 3580 ||| SHOPLISTING glowing shortbow (150 gold, have 118).
  3664 | D:5      | Reached XP level 8. HP: 50/50 MP: 8/8
  4015 | D:5      | Noticed Edmund
  4038 | D:5      | HP: 10/50 [Edmund/+3 dire flail of holy wrath (4)]
  4039 | D:5      | 4039 ||| DRINKING potion of heal wounds.
  4046 | D:5      | HP: 9/50 [Edmund/+3 dire flail of holy wrath (6)]
  4047 | D:5      | Killed Edmund
  4048 | D:5      | Reached skill level 9 in Ranged Weapons
  4269 | D:5      | Found a bloodstained altar of Trog.
  4420 | D:5      | 4420 ||| DRINKING 2 coppery potions.
  4421 | D:5      | 4421 ||| DROPPING potion of degeneration.
  4461 | D:6      | Reached skill level 6 in Fighting
  4702 | D:6      | Found a glowing silver altar of Zin.
  4914 | D:6      | Found a staircase to the Ecumenical Temple.
  4915 | D:6      | 4915 ||| PLANNING TEMPLE
  4915 | D:6      | 4915 ||| UPGRADING to +0 cloak.
  4920 | D:6      | 4920 ||| READING scroll labelled LAACKU TERUKIMI.
  4921 | D:6      | 4921 ||| READING 4 scrolls of identify.
  4921 | D:6      | 4921 ||| IDENTIFYING murky brown potion
  4922 | D:6      | 4922 ||| READING 3 scrolls of identify.
  4922 | D:6      | 4922 ||| IDENTIFYING cyan potion
  4923 | D:6      | 4923 ||| READING 2 scrolls of identify.
  4923 | D:6      | 4923 ||| IDENTIFYING lumpy silvery potion
  4924 | D:6      | 4924 ||| DROPPING potion of invisibility.
  4925 | D:6      | 4925 ||| DROPPING potion of berserk rage.
  4932 | Temple   | Entered the Ecumenical Temple
  4933 | Temple   | 4933 ||| PLANNING OKAWARU WORSHIP
  4940 | Temple   | Became a worshipper of Warmaster Okawaru
  4941 | Temple   | 4941 ||| PLANNING D:1-11
  5137 | D:6      | Identified the +0 plate armour of Fahiwa {rPois Dex+2
                  | Slay+3}
  5221 | D:6      | 5221 ||| READING scroll labelled MATOES FE USKO.
  5239 | D:7      | 5239 ||| RETREATING.
  5252 | D:7      | HP: 10/51 [wight/+4 mace (5)]
  5253 | D:7      | 5253 ||| DRINKING potion of heal wounds.
  5259 | D:7      | HP: 10/51 [wight/+4 mace (7)]
  5260 | D:7      | Mangled by a wight

Levels and vault maps discovered:
D:1:      dpeg_arrival_simpleton_b, layout_basic,
          hellmonk_ecumenical_altar_run_dry, fountainhead
D:2:      layout_basic, minmay_misc_feat_nine_boxes, kennysheep_path_1,
          minmay_snake_closets
D:3:      layout_basic, lemuel_crystal_altar
D:4:      minmay_diamond_boxcup, layout_loops_ring,
          mainiacjoe_overflow_small_starburst, gammafunk_ghost_mausoleum,
          uniq_blork_the_orc, uniq_menkaure
D:5:      layout_basic, cheibriados_altar_1, lightli_temple_of_fire,
          serial_shops, nicolae_shop_statue_plus, uniq_edmund
D:6:      layout_cave_pools, mainiacjoe_overflow_alcove_4,
          minmay_temple_entry_wispy, corexii_leaking_fountain, dk_vineyard_3,
          nicolae_hexahallways
D:7:      layout_basic, nemelex_altar_shiori, xom_redecorated,
          amcnicky_altar_gilded, eat_drink_and_be_merry_uskayaw,
          gammafunk_ghost_nasty_kobolds, uniq_pikel
Temple:   hellmonk_temple_rainy

Skill      XL: |  1  2  3  4  5  6  7  8 |
---------------+-------------------------+-----
Armour         | 1 2 |  2.6
Ranged Weapons | 5 6 7 8 9 |  9.9
Fighting       | 3 4 5 6 |  6.0
Dodging        | 2 |  2.0
Stealth        | |  1.1

Action                     |  1- 3 |  4- 6 |  7- 9 || total
---------------------------+-------+-------+-------++-------
   Fire: Shortbow          |    85 |   262 |   215 ||   562
    Use: Potion            |     1 |     3 |     4 ||     8
         Scroll            |       |     8 |     6 ||    14
 Armour: Leather armour    |     6 |       |       ||     6
         Ring mail         |     5 |    98 |   112 ||   215
  Dodge: Dodged            |    22 |    91 |    89 ||   202

Table legend:
 A = Non-vault XP
 B = Vault XP
 C = Vault XP percentage of total XP
 D = Non-vault monster count
 E = Vault monster count
 F = Vault count percentage of total count
                 A         B        C        D         E       F
            +---------+---------+-------+---------+---------+-------
      Total |    1601 |     601 |  27.3 |     116 |      22 |  15.9
            +---------+---------+-------+---------+---------+-------
        D:1 |      38 |       0 |   0.0 |      23 |       0 |   0.0
        D:2 |      68 |      88 |  56.4 |      23 |      11 |  32.4
        D:3 |      63 |       0 |   0.0 |      20 |       0 |   0.0
        D:4 |     373 |     349 |  48.3 |      23 |      10 |  30.3
        D:5 |     633 |     164 |  20.6 |      16 |       1 |   5.9
        D:6 |     426 |       0 |   0.0 |      11 |       0 |   0.0
            +---------+---------+-------+---------+---------+-------
